 Dungeon Crawl Stone Soup version 0.18.1-8-gdd0e5ea (webtiles) character file.

412 Heskey the Skirmisher (level 6, -3/42 HPs)
             Began as a Gargoyle Fighter on June 9, 2016.
             Killed by divine providence
             ... invoked by an orc priest
              (11 damage)
             ... on level 3 of the Dungeon.
             The game lasted 00:04:41 (2746 turns).

Heskey the Skirmisher (Gargoyle Fighter)            Turns: 2746, Time: 00:04:41

Health: -3/42      AC: 12    Str: 22    XL:     6   Next: 90%
Magic:  6/6        EV:  7    Int:  8    God:
Gold:   87         SH:  9    Dex:  9    Spells: 0 memorised, 5 levels left

rFire  . . .     SeeInvis .     o - +0 morningstar
rCold  . . .     Gourm    .     b - +0 scale mail
rNeg   + . .     Faith    .     c - +0 shield
rPois  ∞         Spirit   .     (no helmet)
rElec  +         Dismiss  .     (no cloak)
rCorr  .         Reflect  .     (no gloves)
SustAt .         Harm     .     e - +0 pair of boots
MR     .....                    (no amulet)
Stlth  ..........               (no ring)
                                (no ring)

@: not resistant to hostile enchantments, extremely unstealthy
A: negative energy resistance 1, electricity resistance, unbreathing,
petrification resistance, rot immunity, AC +4
a: no special abilities


You were on level 3 of the Dungeon.
You were not hungry.

You visited 1 branch of the dungeon, and saw 3 of its levels.

You collected 87 gold pieces.

Inventory:

Hand Weapons
 o - a +0 morningstar (weapon)
Armour
 b - a +0 scale mail (worn)
 c - a +0 shield (worn)
 e - a +0 pair of boots (worn)
Wands
 i - a wand of polymorph (0/24)
Scrolls
 k - a scroll of identify
 m - 3 scrolls of magic mapping
Potions
 a - a potion of curing {unknown}
 h - a potion of might
Comestibles
 f - a bread ration
 l - 5 fruits


   Skills:
 * Level 6.3 Fighting
 + Level 4.0 Maces & Flails
 + Level 4.8 Armour
 - Level 3.2 Shields


You had 5 spell levels left.
You didn't know any spells.

Dungeon Overview and Level Annotations

Branches:
Dungeon (3/15)

Altars:
Xom


Innate Abilities, Weirdness & Mutations

You are resistant to torment.
Your stone body is resilient (AC +4).
You are immune to poison.
You resist negative energy.
You are resistant to electric shocks.
You can survive without breathing.
You are immune to petrification.
You are immune to rotting.


Message History

Beogh smites you!
You barely miss the orc. The bat hits you but does no damage.
The orc priest invokes the aid of Beogh against you.
Beogh smites you!
The kobold throws a stone.
You block the stone. The bat completely misses you.
The orc hits you but does no damage.
The orc priest looks braver for a moment.
The orc closely misses you.
Unknown command.
The bat hits you but does no damage. The orc closely misses you.
The bat hits you but does no damage. You block the bat's attack.
The orc priest casts a cantrip, but nothing happens.
The bat hits you but does no damage.
The orc priest mumbles some strange prayers to Beogh against you.
Beogh smites you!
* * * LOW HITPOINT WARNING * * *
The bat barely misses you.
The orc priest invokes the aid of Beogh against you.
Beogh smites you!
You die...

##..(##### ##..<....#
##).###......
########.......#.###
..........######.#
#########.# .# ###.#
###.###...
#...####.o.(.....
#...@b.oo..#....#
#.......o(K(......#
......#######oo......
##..## #.......# ...#
#...?...# ..##
........# ##
......... .........
#.####...#


You could see 2 orc priests, 4 orcs, a bat and a kobold.

Vanquished Creatures
  Sigmund (D:2)
  2 orc priests
  An orc wizard (D:3)
  Natasha (thrice) (D:2)
  2 adders (D:2)
  3 oozes
  A worm (D:2)
  2 dart slugs (D:2)
  3 giant geckos
  2 orcs (D:2)
  3 giant cockroaches
  7 hobgoblins
  A quokka (D:3)
  A ball python (D:2)
  12 bats
  4 giant newts (D:2)
  8 goblins
  5 kobolds
  7 rats
68 creatures vanquished.

Notes
Turn   | Place    | Note
--------------------------------------------------------------
     0 | D:1      | Heskey the Gargoyle Fighter began the quest for the Orb.
     0 | D:1      | Reached XP level 1. HP: 14/14 MP: 1/1
    84 | D:1      | Reached XP level 2. HP: 20/20 MP: 2/2
   261 | D:1      | Reached skill level 4 in Fighting
   333 | D:1      | Reached XP level 3. HP: 18/24 MP: 3/3
   489 | D:2      | Noticed Sigmund
  1166 | D:2      | Found a shimmering altar of Xom.
  1184 | D:2      | Reached XP level 4. HP: 30/30 MP: 4/4
  1401 | D:2      | Killed Sigmund
  1401 | D:2      | Reached skill level 5 in Fighting
  1401 | D:2      | Reached XP level 5. HP: 24/35 MP: 5/5
  1450 | D:2      | Noticed Natasha
  1460 | D:2      | Killed Natasha
  1460 | D:2      | Reached XP level 6. HP: 19/40 MP: 6/6
  1771 | D:2      | Noticed Natasha
  1779 | D:2      | Killed Natasha
  2232 | D:3      | Reached skill level 6 in Fighting
  2374 | D:2      | Noticed Natasha
  2381 | D:2      | Killed Natasha
  2746 | D:3      | Killed from afar by an orc priest

Skill      XL: |  1  2  3  4  5  6 |
---------------+-------------------+-----
Fighting       | 4 5 6 |  6.3
Maces & Flails | 3 4 |  4.0
Armour         | 4 |  4.8
Shields        | |  3.2

Action                   |  1- 3 |  4- 6 || total
-------------------------+-------+-------++-------
Melee: Flail             |   157 |   138 ||   295
       Morningstar       |       |    25 ||    25
  Use: Scroll            |     2 |     4 ||     6
       Potion            |     1 |       ||     1
  Eat: Chunk             |     1 |     2 ||     3
       Bread ration      |       |     1 ||     1
Armor: Scale mail        |   101 |   109 ||   210
       Skin              |    24 |       ||    24
Dodge: Dodged            |    53 |    53 ||   106
Block: Shield            |    91 |    84 ||   175
